AoeStats
← rateezy

Arena

509155295Analyzed
4v4 RM · 6d ago on Sep 25, 2026· 44m 54s· 8 players
Game mode
Random Map
Map size
Large (8 player)
Population
200
Speed
Normal
Resources
Standard
Victory
Conquest
Starting age
Dark Age
Ending age
Imperial Age
RankedLock teamsTeams togetherTeam positionsShared explorationLock speedFull tech treeHidden civsTurbo modeCheats
Victory
Defeat
🇮🇳 Persians · India
1304
+15
1296
+15
🇨🇱 Mongols · Chile
1257
+17
🇮🇳 Britons · India
1244
+17
🇺🇸 Italians · United States
1305
-17
🇲🇽 Saxons · Mexico
1272
-16
🇺🇸 Romans · United States
1264
-16
🇩🇿 Saracens · Algeria
1243
-15
xblxavier
11:56 Feudal Age
12:56 Double-Bit Axe
12:52 Horse Collar
15:45 Castle Age
15:13 Stone Mining
16:42 Bow Saw
16:34 Heavy Plow
19:26 Wheelbarrow
20:45 Hand Cart
21:14 Gold Mining
23:47 Gold Shaft Mining
23:03 Town Watch
24:00 Scale Mail Armor
24:12 Forging
24:48 Loom
26:17 Squires
26:10 Arson
26:12 Gambesons
27:04 Chain Mail Armor
27:24 Iron Casting
30:59 Imperial Age
29:06 Town Patrol
29:29 Fletching
31:06 Elite Varangian Guard
32:20 Plate Mail Armor
32:13 Conscription
31:14 Shield Wall
31:59 Treadmill Crane
32:17 Bodkin Arrow
32:18 Pikeman
33:00 Halberdier
34:46 Crop Rotation
38:30 Masonry
38:38 Bracer
40:30 Murder Holes
41:36 Chemistry
40:56 Ballistics
Dragón-Malo
4:10 Loom
11:13 Feudal Age
12:21 Double-Bit Axe
15:16 Castle Age
13:24 Horse Collar
17:54 Bow Saw
21:44 Wheelbarrow
21:21 Heavy Plow
23:06 Hand Cart
23:18 Stone Mining
23:19 Gold Mining
24:34 Town Watch
26:33 Forging
27:50 Scale Mail Armor
28:27 Iron Casting
29:21 Chain Mail Armor
32:15 Imperial Age
29:46 Man-at-Arms
30:27 Squires
30:45 Town Patrol
31:09 Ballistas
32:55 Ballistics
34:04 Blast Furnace
32:26 Pikeman
33:37 Conscription
34:58 Chemistry
33:31 Heavy Scorpion
34:22 Halberdier
34:47 Capped Ram
35:42 Long Swordsman
36:59 Comitatenses
36:39 Legionary
HDm
11:04 Feudal Age
12:10 Double-Bit Axe
12:31 Horse Collar
15:03 Castle Age
15:07 Wheelbarrow
21:20 Bow Saw
24:45 Gold Mining
25:47 Heavy Plow
30:08 Imperial Age
27:28 Loom
28:28 Scale Barding Armor
28:36 Forging
29:38 Chain Barding Armor
29:42 Ballistics
30:05 Bloodlines
29:56 Husbandry
30:40 Iron Casting
30:53 Padded Archer Armor
30:29 Heavy Camel Rider
32:02 Plate Barding Armor
32:30 Blast Furnace
32:55 Chemistry
32:17 Capped Ram
33:23 Siege Ram
35:03 Scale Mail Armor
36:06 Two-Man Saw
36:23 Conscription
Embers1000
10:13 Feudal Age
11:26 Double-Bit Axe
14:21 Castle Age
12:32 Horse Collar
13:05 Loom
13:55 Gold Mining
17:22 Bow Saw
22:59 Fletching
24:18 Stone Mining
25:22 Wheelbarrow
25:40 Heavy Plow
29:10 Imperial Age
27:13 Bodkin Arrow
27:51 Padded Archer Armor
28:15 Silk Road
29:41 Leather Archer Armor
29:50 Masonry
29:35 Murder Holes
29:46 Siphons
29:11 Crossbowman
30:02 Caravan
30:18 Bracer
29:54 Arbalester
31:43 Crop Rotation
32:29 Ring Archer Armor
32:35 Fortified Wall
35:09 Thumb Ring
35:53 Hand Cart
35:25 Town Watch
36:12 Ballistics
35:41 Treadmill Crane
37:47 Elite Skirmisher
40:04 Pikeman
40:47 Squires
Loco Saiti
9:34 Feudal Age
13:34 Castle Age
11:43 Double-Bit Axe
12:03 Horse Collar
12:36 Loom
14:30 Bow Saw
14:49 Heavy Plow
17:17 Wheelbarrow
21:13 Town Watch
24:22 Gold Mining
25:43 Gold Shaft Mining
25:47 Town Patrol
25:54 Stone Mining
27:37 Hand Cart
31:32 Imperial Age
28:58 Fletching
29:08 Padded Archer Armor
29:32 Masonry
29:54 Bodkin Arrow
29:59 Padded Archer Armor
30:33 Padded Archer Armor
30:57 Ballistics
31:37 Bloodlines
31:28 Husbandry
31:56 Leather Archer Armor
32:21 Bracer
32:32 Thumb Ring
33:52 Parthian Tactics
33:17 Elite Mangudai
35:43 Chemistry
34:49 Siege Engineers
34:28 Light Cavalry
35:22 Fortified Wall
34:47 Capped Ram
36:13 Scale Barding Armor
36:19 Forging
36:47 Conscription
36:49 Siege Ram
38:34 Drill
40:09 Murder Holes
42:11 Chain Barding Armor
42:27 Iron Casting
43:16 Hussar
agresif
10:30 Feudal Age
15:09 Castle Age
13:51 Double-Bit Axe
13:47 Horse Collar
15:03 Stone Mining
17:03 Heavy Plow
20:43 Loom
21:35 Bow Saw
23:41 Gold Mining
24:11 Fletching
25:27 Wheelbarrow
25:14 Padded Archer Armor
31:35 Imperial Age
29:43 Gold Shaft Mining
28:59 Town Watch
30:01 Bodkin Arrow
31:51 Leather Archer Armor
32:02 Hand Cart
31:45 Elite Longbowman
33:38 Conscription
35:04 Chemistry
34:14 Bracer
35:24 Ballistics
37:24 Yeomen
37:22 Treadmill Crane
37:55 Fortified Wall
40:43 Sanctity
40:34 Fervor
43:45 Block Printing
43:57 Illumination
44:05 Ring Archer Armor
43:34 Murder Holes
43:45 Siege Engineers
43:50 Masonry
43:47 Scale Mail Armor
43:57 Forging
45:21 Guard Tower
··gatoroñoso··
8:46 Loom
10:33 Feudal Age
11:50 Double-Bit Axe
11:47 Horse Collar
14:55 Castle Age
15:53 Bow Saw
15:53 Heavy Plow
18:44 Loom
19:44 Wheelbarrow
21:02 Fletching
22:09 Town Watch
27:54 Imperial Age
25:33 Padded Archer Armor
25:32 Bodkin Arrow
26:36 Gold Mining
27:02 Hand Cart
29:06 Bracer
29:38 Ballistics
30:52 Chemistry
30:23 Thumb Ring
32:19 Leather Archer Armor
33:23 Elite Elephant Archer
36:44 Ring Archer Armor
42:31 Scale Barding Armor
42:45 Forging
42:47 Masonry
45:51 Bombard Tower
45:21 Heated Shot
45:42 Fortified Wall
45:54 Chain Barding Armor
45:34 Scale Mail Armor
rateezy
10:13 Feudal Age
14:16 Castle Age
12:07 Double-Bit Axe
12:04 Horse Collar
14:00 Wheelbarrow
14:58 Bow Saw
20:39 Heavy Plow
21:41 Hand Cart
21:13 Loom
22:03 Gold Mining
22:25 Town Watch
23:34 Gold Shaft Mining
22:49 Stone Mining
25:22 Stone Shaft Mining
27:49 Imperial Age
26:10 Scale Barding Armor
26:15 Forging
26:47 Forging
26:40 Devotion
27:51 Chain Barding Armor
28:39 Iron Casting
28:44 Conscription
28:22 Elite War Elephant
29:16 Bloodlines
29:06 Husbandry
30:36 Plate Barding Armor
31:01 Blast Furnace
33:08 Faith
35:41 Citadels
42:11 Town Patrol
42:32 Ballistics
43:13 Chemistry
42:03 Heated Shot
42:08 Murder Holes
42:24 Masonry
42:49 Crop Rotation
43:25 Two-Man Saw
42:38 Guilds
42:59 Coinage
42:29 Caravan
42:21 Fletching
43:23 Hoardings
42:50 Kamandaran
44:34 Spies/Treason
Connection lost

Rejoining the realm…

Still unreachable

The connection could not be restored.

Session expired

The server has moved on; the page needs a fresh start.